 Dungeon Crawl Stone Soup version 0.18.1-50-g88ac8fd (webtiles) character file.

50 Gargoyl the Skirmisher (level 3, -2/45 HPs)
             Began as a Demonspawn Abyssal Knight on Sept 22, 2016.
             Was a Follower of Lugonu.
             Slain by a kobold
             ... wielding a +0 long sword
              (6 damage)
             ... on level 3 of the Dungeon.
             The game lasted 00:04:22 (2143 turns).

Gargoyl the Skirmisher (Demonspawn Abyssal Knight)  Turns: 2143, Time: 00:04:23

Health: -2/45      AC: 21    Str: 11 (13) XL:     3   Next: 55%
Magic:  4/4        EV:  2    Int: 16 (18) God:    Lugonu [*.....]
Gold:   162        SH:  0    Dex: 16 (17) Spells: 0 memorised, 2 levels left

rFire  + . .     SeeInvis .     o - +0 hand axe (drain)
rCold  + . .     Gourm    .     (armour currently unavailable)
rNeg   + + +     Faith    .     (no shield)
rPois  +         Spirit   .     (helmet currently unavailable)
rElec  +         Dismiss  .     (cloak currently unavailable)
rCorr  +         Reflect  .     (gloves currently unavailable)
SustAt .         Harm     .     (boots currently unavailable)
MR     .....     NoTele   +     (no amulet)
Stlth  +++.......               (no ring)
                                i - ring of resist corrosion

@: brilliant, agile, tree-form, resistant, very slightly contaminated, hasted,
very quick, not resistant to hostile enchantments, fairly stealthy
A: (antennae 0), nightstalker 1
a: Depart the Abyss, Renounce Religion


You were on level 3 of the Dungeon.
You worshipped Lugonu.
Lugonu was aware of your devotion.
You were not hungry.
You were a tree.
You visited 1 branch of the dungeon, and saw 4 of its levels.
You visited the Abyss 1 time.

You collected 162 gold pieces.

Inventory:

Hand Weapons
 a - a +1 hand axe
 o - a +0 hand axe of draining (weapon)
Armour
 e - a +0 plate armour (melded)
 u - a +0 pair of gloves (melded)
Jewellery
 i - a ring of resist corrosion (left branch)
Wands
 h - a wand of iceblast (9/15)
Scrolls
 j - a scroll of remove curse
 r - a scroll of noise {unknown}
 t - 2 scrolls of random uselessness {unknown}
Potions
 g - a potion of degeneration
 q - a potion of haste
Comestibles
 c - 3 bread rations
 n - 3 meat rations
 p - 2 beef jerkies


   Skills:
 + Level 3.8 Fighting
 + Level 2.1 Axes
 * Level 2.5 Armour
 + Level 0.8 Dodging
 + Level 2.4 Invocations


You had 2 spell levels left.
You didn't know any spells.

Dungeon Overview and Level Annotations

Branches:
Dungeon (4/15)
 Temple: D:4-7

Altars:
Makhleb
Trog

Annotations:
D:3 Grinder


Innate Abilities, Weirdness & Mutations

((You have a pair of small antennae on your head.))
You are slightly more attuned to the shadows.


Message History

Grinder hits you but does no damage.
Unknown command.
You hit Grinder.
Grinder is moderately wounded.
You closely miss the kobold.
Unknown command.
You hit Grinder.
Grinder is moderately wounded.
You hit the kobold.
The kobold is severely wounded.
Grinder hits you but does no damage. The kobold hits you but does no damage.
Unknown command.
You hit Grinder but do no damage.
Grinder is moderately wounded.
You hit the kobold but do no damage.
The kobold is severely wounded.
Grinder hits you.
* * * LOW HITPOINT WARNING * * *
The kobold hits you with an uncursed long sword.
You die...

.#######.###..#.##.##.#.#..#.....
.# #.....#..####.#..#.#..#.##..
.# #...#.#..#. #.#..#.#..#.##..
.## #....<..... #.#..#.#..#)##..
..######.###..#. #.#..#.#..#.##..
.......... ...#.##.#..#.#..#.##..
...#####.####.#....#..#.#..#.###<
...#####.#.....K........#..#.# #.
.#.......# #$..5♣.......#..#.# ##
.#.......# #.......).......#.#
.#.......# #.##.........#.##.#
#..####.# # #.........#..#.#
#......... ...........#†.#.#
#...###...######+#####.#..#.####
##...#....... #.#.......)
...#.#....# # #.#..#.####
####.#....# #..#.#


You could see Grinder and a kobold.

Vanquished Creatures
  An adder (D:3)
  A dart slug (D:2)
  A giant gecko (D:1)
  3 orcs
  A ball python (D:1)
  4 bats
  A giant cockroach (D:4)
  4 goblins
  4 hobgoblins
  2 jackals (D:2)
  A quokka (D:2)
  2 giant newts
  2 kobolds (D:1)
  5 rats
32 creatures vanquished.

Vanquished Creatures (others)
  20 starspawn tentacle segments (Abyss:3)
20 creatures vanquished.

Grand Total: 52 creatures vanquished

Notes
Turn   | Place    | Note
--------------------------------------------------------------
     0 | Abyss:1  | Gargoyl the Demonspawn Abyssal Knight began the quest for the Orb.
     0 | Abyss:1  | Reached XP level 1. HP: 18/18 MP: 2/2
    74 | Abyss:3  | Noticed an ancient zyme
    83 | Abyss:3  | Noticed a tentacled starspawn
    86 | Abyss:3  | Noticed a tentacled monstrosity
    86 | Abyss:3  | Noticed a thrashing horror
    87 | D:1      | Escaped the Abyss
   537 | D:1      | Reached * piety under Lugonu
   578 | D:1      | Gained mutation: You have a pair of small antennae on your head. [demonic ancestry]
   578 | D:1      | Reached XP level 2. HP: 21/24 MP: 3/3
   934 | D:2      | Found a faded altar to an unknown god.
   979 | D:2      | Found a bloodstained altar of Trog.
  1160 | D:2      | Gained mutation: You are slightly more attuned to the shadows. [demonic ancestry]
  1160 | D:2      | Reached XP level 3. HP: 28/30 MP: 4/4
  1354 | D:3      | You fall through a shaft!
  1377 | D:4      | Found a burning altar of Makhleb.
  1480 | D:4      | Noticed an ogre
  2120 | D:3      | Noticed Grinder
  2120 | D:3      | Paralysed by Grinder for 6 turns
  2143 | D:3      | Slain by a kobold

Skill      XL: |  1  2 |
---------------+-------+-----
Armour         | 2 |  2.5
Axes           | 2 |  2.1
Fighting       | |  3.8
Dodging        | |  0.8
Invocations    | |  2.4

Action                   || total
-------------------------++-------
Melee: Hand axe          ||   136
Invok: Depart the Abyss  ||     1
  Use: Potion            ||     7
       Scroll            ||     6
  Eat: Chunk             ||     4
Armor: Plate armour      ||   103
       Skin              ||     8
Dodge: Dodged            ||    16
